Unix NetHack Version 5.0.0-0 post-release - last build May 23 2026 06:08:33 (1c0ff79ee797540d5714e4e18072db0edd9e58ae,branch:main).

Game began 2026-05-28 19:15:53, ended 2026-05-28 19:53:31.

Ch3Begorrah, chaotic male human Rogue

                         ###############         -----     -----
               -.---     #-------------#         .....|    |...|       -------
     -----    #...`|     #|............####     |.....|    |..(+#      |.....|
     |...|    #|...|   0%#|...........|#  ######......|####...*|#      |.....|
     |...-#####|....####  |...........|## ######|..%..|#   -----#      |.....|
     |...|     ---|-      |...........|#       #  ---.-#    #   #      |.....|
     -----        ###     ----------|--#################    #   #      |.....|
                    #        ########                # ##   #   #      ---.---
                    #      ###                      ##      #   #      ###%
                    ########                        #      ##   ##     #
                ------|-------                      #     ##     #     #
                |............|                   ---|-----.----- #     #
                |............|                   |.(de@....(...| #     #
                |>.....{.....|                   |...i.........| #   ###
                |............|                   |(.....`....[.| ###-.-----
                --------------                   |.........(...|   #|<....|
                                                 |.....%..(....|   #|.....|
                                                 ---------------   #......|
                                                                    -------

Ch3Begorrah the Rogue   St:18/02 Dx:18 Co:15 In:9 Wi:11 Ch:10  Chaotic
Dlvl:7  $:110 HP:0(55) Pw:36(36) AC:0  Xp:8 T:3600 

Latest messages:
 The 1st dagger hits the small mimic!
 The 2nd dagger hits the small mimic!
 Your movements are now unencumbered.
 The 3rd dagger hits the small mimic!
 You kill the small mimic!
 Your little dog eats a small mimic corpse.
 You see a sink appear where your little dog was!
 You swap places with your little dog.
 You have a little trouble lifting 3 +2 daggers.  Continue? [ynq] (q) y
 You have a little trouble lifting g - 3 +2 daggers (at the ready) (14 in total).
 Your movements are slowed slightly because of your load.
 You see here a chest.
 What do you want to use or apply? [efjmnsuvBDKNS or ?*] e
 In what direction? .
 There is a chest here; pick its lock? [ynq] (q) y
 You succeed in picking the lock.
 You have a little trouble removing $ - 50 gold pieces (110 in total).
 Q - a scroll of light.
 R - a black gem.
 T - a blue gem.
 U - an orange gem.
 You have a little trouble removing V - a candy bar.
 You put a looking glass into the chest.
 You put a looking glass into the chest.
 Your movements are now unencumbered.
 What do you want to use or apply? [efmnsuvBDKS or ?*] f
 Your little dog eats a large mimic corpse.
 You see a sink appear where your little dog was!
 You hit the floating eye!
 You are frozen by the floating eye's gaze!
 The tengu appears next to you!
 The tengu bites!
 The tengu bites!
 The tengu bites!
 The tengu bites!
 The tengu just misses!
 The tengu bites!
 The tengu bites!
 The tengu bites!
 The tengu bites!
 The tengu bites!
 The tengu bites!
 The tengu bites!
 The little dog misses the floating eye.
 The little dog is frozen by the floating eye's gaze!
 The tengu bites!
 The tengu bites!
 The tengu bites!
 You die...
 Do you want your possessions identified? [ynq] (y) q

Inventory:
 Coins    ('$')
  $ - 110 gold pieces
 Weapons  (')')
  g - 14 +2 daggers (at the ready)
  l - a +2 dagger (alternate weapon; not wielded)
  w - a +1 long sword (weapon in left hand)
 Armor    ('[')
  q - a blessed +1 orcish helm (being worn)
  M - an uncursed rotted +2 pair of leather gloves (being worn)
  O - an uncursed +0 pair of kicking boots (being worn)
  P - an uncursed +0 shield of shock resistance (being worn)
  G - an uncursed +0 alchemy smock with text "If you don't like the food, I'll stab you" (being worn)
  Y - an uncursed +0 mummy wrapping
  c - an uncursed +1 leather armor (being worn)
 Comestibles  ('%')
  V - an uncursed candy bar labeled "Moon Crunchy"
  H - 2 uncursed food rations
 Scrolls  ('?')
  I - a cursed scroll of amnesia
  i - an uncursed scroll of confuse monster
  J - an uncursed scroll of food detection
  Q - an uncursed scroll of light
 Potions  ('!')
  d - an uncursed potion of booze
  E - 4 uncursed potions of healing
  r - 2 uncursed potions of water
 Rings    ('=')
  A - an uncursed ring of poison resistance named ok
  z - an uncursed ring of shock resistance named ok
 Wands    ('/')
  v - a wand of cancellation (0:7)
  B - a wand of light (0:12)
  D - a wand of light (0:12)
  u - a wand of probing (0:5)
 Tools    ('(')
  f - an uncursed sack containing 6 items
  S - an empty uncursed sack
  n - an uncursed brass lantern
  s - an uncursed leash
  e - an uncursed lock pick
  m - an uncursed tallow candle
  K - an uncursed tin opener
 Gems/Stones  ('*')
  x - an uncursed amethyst stone
  L - an uncursed citrine stone
  R - an uncursed jet stone
  T - an uncursed worthless piece of blue glass
  U - an uncursed worthless piece of orange glass
  C - an uncursed worthless piece of violet glass
  p - 2 uncursed worthless pieces of yellow glass

Contents of the sack:
  1024 gold pieces
  a blessed scroll of remove curse named ok2
  an uncursed potion of extra healing
  a cursed potion of healing named cursed
  an uncursed potion of sickness
  a potion of unholy water

Ch3Begorrah the Rogue's attributes:

Background:
 You were a Rogue, level 8 male human.
 You were chaotic, nominally on a mission for Kos
 who was opposed by Issek (lawful) and Mog (neutral).
 You were left-handed.
 You were in the Dungeons of Doom, on level 7.
 You entered the dungeon 3600 turns ago.
 You had 1405 experience points, 1155 more were needed to attain level 9.

Basics:
 You had 0 out of 55 hit points.
 You had all 36 energy points (spell power).
 Your armor class was 0.
 Your wallet contained 110 zorkmids, and
 you had 1024 more stashed away in your pack.
 Autopickup was on for '$!/(' plus thrown, with exceptions.

Final Characteristics:
 Your strength was 18/02 (limit:18/100).
 Your dexterity was 18 (limit:18).
 Your constitution was 15 (limit:18).
 Your intelligence was 9 (limit:18).
 Your wisdom was 11 (limit:18).
 Your charisma was 10 (limit:18).

Final Status:
 You weren't hungry.
 You were unencumbered.
 You were wielding a long sword.
 You had basic skill with long sword and could have enhanced that.

Final Attributes:
 You were piously aligned.
 You were shock resistant.
 Your items were protected from electric shocks.
 You were poison resistant.
 You were acid resistant.
 Your items were protected from acid.
 You were stealthy.
 You were warded.
 You are dead.

Miscellaneous:
 You didn't encounter any bones levels.
 Total elapsed playing time was 37 minutes and 37 seconds.

Major events:
 Turn
    1: Ch3Begorrah the chaotic male human Rogue entered the dungeon
  375: entered the Gnomish Mines
  832: attained the rank of Cutpurse (level 3)
 2490: attained the rank of Rogue (level 6)
 3600: killed by a tengu, while frozen by a floating eye's gaze

You didn't know any spells.

Skills:
 Fighting Skills
   bare handed combat [Unskilled]
   two weapon combat  [Unskilled]
   riding             [Unskilled]
 Weapon Skills
   dagger             [Skilled]
   knife              [Unskilled]
   short sword        [Basic]
   broadsword         [Unskilled]
   long sword         [Basic]
   two-handed sword   [Unskilled]
   saber              [Unskilled]
   club               [Unskilled]
   mace               [Unskilled]
   morning star       [Unskilled]
   flail              [Unskilled]
   hammer             [Unskilled]
   polearms           [Unskilled]
   spear              [Unskilled]
   crossbow           [Unskilled]
   dart               [Unskilled]
   shuriken           [Unskilled]
 Spellcasting Skills
   divination spells  [Unskilled]
   escape spells      [Unskilled]
   matter spells      [Unskilled]

Voluntary challenges:
 Character rerolling was not enabled.
 You followed a strict vegan diet.
 You were an atheist.
 You never genocided any monsters.
 You never polymorphed an object.
 You never changed form.
 You used no wishes.
Achievements:
 You entered the Gnomish Mines.
 You entered a shop.
 You attained the rank of Cutpurse.
 You attained the rank of Rogue.

 The Dungeons of Doom: levels 1 to 8
    Level 1:
       An altar.
    Level 2:
       A weapon shop, many fountains.
       Stairs down to The Gnomish Mines.
    Level 3:
       An altar to Kos, a fountain.
    Level 4: "1sb"
       Some fountains.
    Level 5: "4sb"
       A fountain, a grave.
    Level 6:
    Level 7: "1sb" <- You were here.
       A sink.
       Final resting place for
          you, killed by a tengu, while frozen by a floating eye's gaze.
    Level 8:
 The Gnomish Mines:
    Level 3:


Vanquished creatures:
  a giant mimic
  2 large mimics
 14 small mimics
  4 leprechauns
  a lizard
  a housecat
  a mountain nymph
  a rock piercer
  a pony
  a yellow light
  2 shriekers
  3 violet fungi
  a gnomish wizard
  a kobold mummy
 an elf zombie
  a floating eye
  2 kittens
  a kobold leader
  a rothe
  3 iguanas
  a gas spore
  a hobbit
  8 manes
  a large kobold
  8 giant rats
  a cave spider
  a brown mold
  a yellow mold
  a red mold
  2 gnomes
  5 garter snakes
  a gnome zombie
  a gecko
  3 jackals
  2 foxes
  4 goblins
  a sewer rat
  5 grid bugs
  a lichen
  a kobold zombie
  5 newts
97 creatures vanquished.

No species were genocided or became extinct.

Game over:
                       ----------
                      /          \
                     /    REST    \
                    /      IN      \
                   /     PEACE      \
                  /                  \
                  |   Ch3Begorrah    |
                  |     1134 Au      |
                  |   killed by a    |
                  |      tengu       |
                  |                  |
                  |                  |
                  |       2026       |
                 *|     *  *  *      | *
        _________)/\\_//(\/(/\)/\//\/|_)_______

Goodbye Ch3Begorrah the Rogue...

You died in The Dungeons of Doom on dungeon level 7 with 7071 points,
and 1134 pieces of gold, after 3600 moves.
You were level 8 with a maximum of 55 hit points when you died.

